 Dungeon Crawl Stone Soup version 0.18-b1-2-gd0c887e (webtiles) character file.

761 dobroeutro the Basher (level 7, -11/41 HPs)
             Began as a Gargoyle Fighter on Apr 28, 2016.
             Mangled by dobroeutro's ghost (13 damage)
             ... on level 4 of the Dungeon.
             The game lasted 00:04:20 (2635 turns).

dobroeutro the Basher (Gargoyle Fighter)            Turns: 2635, Time: 00:04:20

Health: -11/41     AC: 11    Str: 21    XL:     7   Next: 80%
Magic:  7/7        EV:  7    Int:  8    God:
Gold:   204        SH:  9    Dex: 10    Spells: 0 memorised, 6 levels left

rFire  . . .     SeeInvis .     v - +2 flail (drain)
rCold  + . .     Gourm    .     b - +0 scale mail
rNeg   + . .     Faith    .     c - +0 shield
rPois  ∞         Spirit   .     (no helmet)
rElec  +         Dismiss  .     (no cloak)
rCorr  .         Reflect  .     (no gloves)
SustAt .         Harm     .     (no boots)
MR     .....                    n - amulet of rage
Stlth  ..........               (no ring)
                                g - ring of protection from cold

@: not resistant to hostile enchantments, extremely unstealthy
A: negative energy resistance 1, electricity resistance, unbreathing,
petrification resistance, rot immunity, AC +4
a: Evoke Berserk Rage


You were on level 4 of the Dungeon.
You were not hungry.

You visited 1 branch of the dungeon, and saw 4 of its levels.

You collected 204 gold pieces.

Inventory:

Hand Weapons
 t - a +2 flail of protection
 v - a +2 flail of draining (weapon)
Missiles
 r - 2 exploding tomahawks (quivered)
Armour
 b - a +0 scale mail (worn)
 c - a +0 shield (worn)
 k - a +2 buckler
Jewellery
 g - a ring of protection from cold (left hand)
 n - an amulet of rage (around neck)
Scrolls
 e - 2 scrolls of magic mapping {unknown}
 h - 8 scrolls of teleportation {unknown}
 i - a scroll of amnesia {unknown}
 j - 5 scrolls of identify {unknown}
 p - 2 scrolls of remove curse {unknown}
 w - a scroll of recharging {unknown}
 x - a scroll of enchant weapon {unknown}
Potions
 d - 2 potions of might
 l - a potion of agility {unknown}
 m - a potion of mutation {unknown}
 o - 5 potions of curing {unknown}
 q - 2 potions of cancellation {unknown}
 s - 2 potions of ambrosia {unknown}
 u - 2 potions of cure mutation {unknown}
Comestibles
 a - a beef jerky
 f - 5 bread rations


   Skills:
 - Level 3.2 Fighting
 + Level 8.6 Maces & Flails
 - Level 3.2 Armour
 - Level 3.2 Shields


You had 6 spell levels left.
You didn't know any spells.

Dungeon Overview and Level Annotations

Branches:
Dungeon (4/15)
 Temple: D:4-7

Altars:
Elyvilon
Fedhas
Sif Muna
Zin

Annotations:
D:4 dobroeutro's ghost, novice GrFi


Innate Abilities, Weirdness & Mutations

You are resistant to torment.
Your stone body is resilient (AC +4).
You are immune to poison.
You resist negative energy.
You are resistant to electric shocks.
You can survive without breathing.
You are immune to petrification.
You are immune to rotting.


Message History

You hit dobroeutro's ghost but do no damage.
Dobroeutro's ghost is moderately damaged.
Dobroeutro's ghost hits you.
* * * LOW HITPOINT WARNING * * *
Dobroeutro's ghost is nearby!
You are too injured to fight recklessly!
You are too injured to fight recklessly!
You are too injured to fight recklessly!
You hit dobroeutro's ghost but do no damage.
Dobroeutro's ghost is moderately damaged.
Dobroeutro's ghost completely misses you.
You hit dobroeutro's ghost but do no damage.
Dobroeutro's ghost is moderately damaged.
Dobroeutro's ghost hits you!
* * * LOW HITPOINT WARNING * * *
You barely miss dobroeutro's ghost.
Dobroeutro's ghost is moderately damaged.
Dobroeutro's ghost closely misses you. Dobroeutro's ghost hits you!
You die...

###.####...# #
...........######## .#
###..#####........##.##
####.# #.######.#...###
.....# #...†.))........
####.# #..#####.#...##
# ..# #..# #.)....# #
#.. ....#####......## #
##. .###..<..@........
# # #######W.....## #
#......# # #.##.### #
... ... # ... .### #
.#.# .# .#


You could see dobroeutro's ghost.

Vanquished Creatures
  Sigmund (D:2)
  Edmund (D:4)
  An ogre (D:4)
  A scorpion (D:3)
  An orc priest (D:4)
  2 orc wizards
  Jessica (D:2)
  Natasha (thrice) (D:2)
  3 adders
  4 gnolls (D:3)
  2 oozes
  An adder skeleton (D:4)
  A worm (D:2)
  2 giant geckos
  19 orcs
  5 bats
  2 giant cockroaches
  5 goblins
  9 hobgoblins
  9 jackals
  A quokka (D:3)
  3 giant newts
  11 kobolds
  2 rats
90 creatures vanquished.

Notes
Turn   | Place    | Note
--------------------------------------------------------------
     0 | D:1      | dobroeutro the Gargoyle Fighter began the quest for the Orb.
     0 | D:1      | Reached XP level 1. HP: 14/14 MP: 1/1
   140 | D:1      | Reached XP level 2. HP: 16/19 MP: 2/2
   283 | D:1      | Reached skill level 3 in Maces & Flails
   345 | D:1      | Reached XP level 3. HP: 23/23 MP: 3/3
   654 | D:2      | Noticed Natasha
   662 | D:2      | Killed Natasha
   662 | D:2      | Reached skill level 4 in Maces & Flails
   662 | D:2      | Reached XP level 4. HP: 28/28 MP: 4/4
   824 | D:2      | Found a glowing silver altar of Zin.
   847 | D:2      | Noticed Natasha
   854 | D:2      | Killed Natasha
  1101 | D:2      | Noticed Jessica
  1108 | D:2      | Killed Jessica
  1108 | D:2      | Reached skill level 5 in Maces & Flails
  1108 | D:2      | Reached XP level 5. HP: 30/32 MP: 5/5
  1201 | D:2      | Noticed Sigmund
  1215 | D:2      | Killed Sigmund
  1215 | D:2      | Reached skill level 6 in Maces & Flails
  1215 | D:2      | Reached XP level 6. HP: 37/37 MP: 6/6
  1253 | D:2      | Noticed Natasha
  1259 | D:2      | Killed Natasha
  1316 | D:2      | Found a deep blue altar of Sif Muna.
  1468 | D:3      | Found a white marble altar of Elyvilon.
  1782 | D:3      | Reached skill level 7 in Maces & Flails
  2073 | D:3      | Reached XP level 7. HP: 41/41 MP: 7/7
  2442 | D:4      | Reached skill level 8 in Maces & Flails
  2519 | D:4      | Noticed Edmund
  2540 | D:4      | Killed Edmund
  2546 | D:4      | Found a blossoming altar of Fedhas.
  2616 | D:4      | Noticed dobroeutro's ghost (novice GrFi)
  2633 | D:4      | HP: 2/41 [dobroeutro's ghost (10)]
  2635 | D:4      | Mangled by dobroeutro's ghost

Skill      XL: |  1  2  3  4  5  6  7 |
---------------+----------------------+-----
Maces & Flails | 3 4 5 6 7 8 |  8.6
Fighting       | |  3.2
Armour         | |  3.2
Shields        | |  3.2

Action                   |  1- 3 |  4- 6 |  7- 9 || total
-------------------------+-------+-------+-------++-------
Melee: Flail             |    85 |   185 |    90 ||   360
 Abil: Evoke Berserk Rag |       |     1 |       ||     1
  Eat: Chunk             |       |     5 |     2 ||     7
Armor: Scale mail        |    39 |   109 |    37 ||   185
Dodge: Dodged            |    22 |    55 |    16 ||    93
Block: Shield            |    25 |   105 |    40 ||   170
